 Dungeon Crawl Stone Soup version 0.20.1-1-g8b1a95d66d (webtiles) character file.

253 Ivernyr the Slinger (level 6, -4/39 HPs)
             Began as a Halfling Hunter on Dec 5, 2017.
             Slain by an orc priest
             ... wielding a +0 falchion
              (6 damage)
             ... on level 5 of the Dungeon.
             The game lasted 00:11:52 (3359 turns).

Ivernyr the Slinger (Halfling Hunter)               Turns: 3359, Time: 00:11:53

Health: -4/39      AC:  5    Str: 13    XL:     6   Next: 37%
Magic:  6/6        EV: 16    Int: 10    God:
Gold:   137        SH:  0    Dex: 16    Spells: 5/5 levels left

rFire    . . .     SeeInvis .   b - +2 dagger (elec)
rCold    . . .     Gourm    .   (shield restricted)
rNeg     . . .     Faith    .   c - +0 leather armour
rPois    .         Spirit   .   (no helmet)
rElec    .         Reflect  .   e - +0 cloak
rCorr    .         Harm     .   i - +0 pair of gloves
MR       .....                  (no boots)
Stlth    ++........             (no amulet)
Regen    0.2/turn               (no ring)
MPRegen  0.1/turn               (no ring)

@: no status effects
A: mutation resistance 1
a: no special abilities


You were on level 5 of the Dungeon.
You were not hungry.

You visited 1 branch of the dungeon, and saw 5 of its levels.

You collected 137 gold pieces.

Inventory:

Hand Weapons
 a - a +1 hunting sling
 b - a +2 dagger of electrocution (weapon)
 o - a +0 blowgun
Missiles
 d - 19 sling bullets
 h - 26 stones (quivered)
 p - 12 poisoned needles
Armour
 c - a +0 leather armour (worn)
 e - a +0 cloak (worn)
 i - a +0 pair of gloves (worn)
Scrolls
 g - 5 scrolls of identify {unknown}
 j - a scroll of enchant armour {unknown}
 k - a scroll of fog {unknown}
 r - a scroll of teleportation {unknown}
 s - 2 scrolls of recharging {unknown}
Potions
 n - a potion of heal wounds {unknown}
 q - a potion of berserk rage {unknown}
Books
 t - a book of Cantrips

   Spells                             Type                      Level
   a - Confusing Touch                Hexes                        1
   b - Animate Skeleton               Necromancy                   1
   c - Summon Small Mammal            Summoning                    1
   d - Apportation                    Translocation                1
Comestibles
 f - 3 bread rations
 l - a meat ration
 m - 3 royal jellies


   Skills:
 - Level 2.0 Fighting
 + Level 2.6 Short Blades
 * Level 8.6 Slings
 + Level 3.9 Dodging
 - Level 1.1 Stealth


You had 5 spell levels left.
You didn't know any spells.

Dungeon Overview and Level Annotations

Branches:
Dungeon (6/15)
 Temple: D:4-7

Altars:
Yredelemnul
The Shining One


Innate Abilities, Weirdness & Mutations

You are small and have problems with some larger weapons.
You are somewhat resistant to further mutation.


Message History

You hit the ogre.
The ogre is severely wounded.
The crimson imp blinks!
The ogre misses you.
The crimson imp blinks!
The crimson imp blinks!
Found 4 fruits.
Found a scroll labeled KEOPAT JILO.
The orc shouts!
The orc hits you with a dagger.
* * * LOW HITPOINT WARNING * * *
An orc wizard comes into view. It is wielding a dagger.
The orc wizard shouts!
The orc barely misses you.
The orc priest hits you but does no damage.
The orc wizard points at you and mumbles some strange words.
The puff of flame hits you!
* * * LOW HITPOINT WARNING * * *
The orc priest hits you with a falchion.
You die...

......#.# ..........(# #.#?. ...
...>........ ..' .. ... # .
.§5........ ##.# .##.. .#...
.#§....... ... ... ......
O#.##.#.########.# #.####......
.#...............#####.##........
.####.............%.......##.....
(().............@oO............#
#####...........o.o....##...#.##
#...........#########...#
#...........# #......#.
#...........# #......#.##
#...........# #......#..#
#...........# #......##.#
#...........# #......##.#
#...........# #....§.##.##


You could see an ogre, an orc priest, an orc wizard and an orc.

Vanquished Creatures
  4 orc wizards (D:3)
  A worker ant (D:5)
  5 adders
  A worm (D:3)
  A dart slug (D:1)
  5 orcs
  6 giant cockroaches
  6 goblins
  4 hobgoblins
  9 jackals
  2 quokkas
  A ball python (D:3)
  8 bats
  6 frilled lizards
  7 kobolds
  4 rats
70 creatures vanquished.

Notes
Turn   | Place    | Note
-------+----------+-------------------------------------------
     0 | D:1      | Ivernyr the Halfling Hunter began the quest for the Orb.
     0 | D:1      | Reached XP level 1. HP: 14/14 MP: 1/1
    84 | D:1      | Reached skill level 6 in Slings
   265 | D:1      | Reached XP level 2. HP: 19/19 MP: 2/2
   656 | D:1      | Reached XP level 3. HP: 23/24 MP: 3/3
  1112 | D:2      | Reached skill level 7 in Slings
  1231 | D:2      | Found a basalt altar of Yredelemnul.
  1233 | D:2      | Noticed a profane servitor
  1244 | D:2      | Found a glowing golden altar of the Shining One.
  1380 | D:2      | Reached XP level 4. HP: 29/29 MP: 4/4
  1666 | D:2      | Noticed an angel
  2067 | D:3      | Reached skill level 1 in Short Blades
  2333 | D:3      | Reached XP level 5. HP: 28/34 MP: 5/5
  2344 | D:3      | Reached skill level 8 in Slings
  2623 | D:3      | Reached XP level 6. HP: 20/39 MP: 6/6
  3177 | D:3      | You fall through a shaft for 3 floors!
  3183 | D:5      | Entered Level 5 of the Dungeon
  3301 | D:5      | Noticed an ogre
  3359 | D:5      | Slain by an orc priest

Skill      XL: |  1  2  3  4  5 |
---------------+----------------+-----
Slings         | 6 7 8 |  8.6
Fighting       | 2 |  2.0
Short Blades   | 1 2 |  2.6
Dodging        | 3 |  3.9
Stealth        | |  1.1

Action                   |  1- 3 |  4- 6 || total
-------------------------+-------+-------++-------
Melee: Short sword       |   147 |    30 ||   177
       Dagger            |       |    78 ||    78
 Fire: Hunting sling     |     3 |    19 ||    22
       Blowgun           |       |    29 ||    29
 Stab: Sleeping          |     1 |     3 ||     4
  Eat: Chunk             |     2 |     6 ||     8
Armor: Leather armour    |    36 |    28 ||    64
Dodge: Dodged            |   113 |    97 ||   210
